 Dungeon Crawl Stone Soup version 0.29-a0-700-g2f1814c7b2 (webtiles) character file.

Game seed: 8179633296209214329

485 Sabo the Chopper (level 7, -9/60 HPs)
             Began as a Hill Orc Fighter on June 25, 2022.
             Was a Priest of Cheibriados.
             Mangled by an ogre
             ... wielding a +0 giant club
              (18 damage)
             ... on level 5 of the Dungeon.
             The game lasted 00:19:15 (5069 turns).

Sabo the Chopper (Hill Orc Fighter)                 Turns: 5069, Time: 00:19:16

Health: -9/60      AC:  8    Str: 28    XL:     7   Next: 13%
Magic:  7/7        EV: 10    Int: 15    God:    Cheibriados [***...]
Gold:   135        SH:  5    Dex: 17    Spells: 6/6 levels left

rFire   . . .      SeeInvis .   a - +0 war axe
rCold   . . .      Faith    .   c - +0 buckler
rNeg    . . .      Spirit   .   b - +0 scale mail
rPois   .          Reflect  .   o - +0 helmet
rElec   .          Harm     .   (no cloak)
rCorr   +          Rampage  .   (no gloves)
Will    .....                   (no boots)
Stlth   +.........              (no amulet)
HPRegen 0.20/turn               e - ring of resist corrosion
MPRegen 0.10/turn               (no ring)

@: very slow
A: no striking features
a: Renounce Religion, Bend Time, Temporal Distortion


You were on level 5 of the Dungeon.
You worshipped Cheibriados.
Cheibriados was most pleased with you.
You visited 1 branch of the dungeon, and saw 5 of its levels.

You collected 135 gold pieces.

Inventory:

Hand Weapons
 a - a +0 war axe (weapon)
 s - a +0 vorpal hunting sling
Missiles
 v - 6 poisoned darts (quivered)
Armour
 b - a +0 scale mail (worn)
 c - a +0 buckler (worn)
 o - a +0 helmet (worn)
Jewellery
 e - a ring of resist corrosion (left hand)
Wands
 h - a wand of polymorph (2)
 r - a wand of flame (14)
Scrolls
 j - a scroll of poison {unknown}
 k - a scroll of summoning
 l - a scroll of enchant armour {unknown}
 m - a scroll of immolation {unknown}
 n - a scroll of fog {unknown}
 q - a scroll of magic mapping {unknown}
 t - a scroll of enchant weapon {unknown}
 u - a scroll of fear {unknown}
Potions
 d - 2 potions of might
 f - 2 potions of curing {unknown}
 g - a potion of cancellation {unknown}
 i - 2 potions of flight {unknown}
 p - a potion of invisibility {unknown}


   Skills:
 + Level 4.7 Fighting
 + Level 6.1 Axes
 + Level 5.1 Armour
 + Level 1.5 Dodging
 + Level 1.1 Stealth
 + Level 4.2 Shields
 + Level 0.4 Unarmed Combat


You had 6 spell levels left.
You didn't know any spells.
Your spell library was empty.

Dungeon Overview and Level Annotations

Branches:
Dungeon (5/15)
 Temple: D:4-7

Altars:
Ashenzari
Cheibriados
Dithmenos
Nemelex Xobeh
Qazlal
Uskayaw
Zin


Message History

Found a stone staircase leading up.
There is a stone staircase leading down here.
There is a stone staircase leading down here.
You climb downwards.
There is a stone staircase leading up here.
Found a stone staircase leading down.
There is a stone staircase leading down here.
There is a stone staircase leading down here.
Found 16 gold pieces.
Found a fuming brown potion.
You now have 135 gold pieces (gained 16).
f - 2 fuming brown potions (gained 1)
A hound comes into view.
The hound barks!
The hound bites you. The hound barely misses you. The hound closely misses you.
You hit the hound.
The hound is lightly wounded.
The hound barely misses you.
You miss the hound.
The hound is lightly wounded.
The hound closely misses you. The hound bites you.
You slash the hound!
The hound is severely wounded.
The hound barely misses you. x2
You hit the hound.
You kill the hound!
Cheibriados thoroughly appreciates the change of pace.
You see here a hound corpse.
You start resting.
HP restored.
An ogre comes into view. It is wielding a +0 giant club.
The ogre shouts!
The ogre hits you with a +0 giant club!
You barely miss the ogre. The ogre hits you with a +0 giant club!
You barely miss the ogre.
The ogre hits you with a +0 giant club!!
* * * LOW HITPOINT WARNING * * *
You barely miss the ogre.
The ogre hits you with a +0 giant club!!
You die...

#... ## ####..## ...
...... ###.##....#
..........#
..........#
..........#
..........#
...##O@..##
...##.....#
........### ...##.#.#
.### #.#.# .....
#.#.# #..... #.#.#
#.....##.#.#
#........#.##########


You could see an ogre.

Vanquished Creatures
  Grinder (D:4)
  A hound (D:5)
  Natasha (thrice) (D:4)
  An orc wizard (D:4)
  Robin (D:4)
  2 adders
  4 gnolls (D:4)
  A worm (D:3)
  A dart slug (D:1)
  5 orcs
  6 ball pythons
  8 endoplasms
  3 giant cockroaches
  14 goblins
  12 hobgoblins
  3 jackals
  6 quokkas
  8 bats
  2 frilled lizards (D:1)
  5 kobolds
  5 rats
  A spectral kobold (D:1)
93 creatures vanquished.

Vanquished Creatures (others)
  4 toadstools (D:1)
4 creatures vanquished.

Grand Total: 97 creatures vanquished

Notes
Turn   | Place    | Note
-------+----------+-------------------------------------------
     0 | D:1      | Sabo the Hill Orc Fighter began the quest for the Orb.
     0 | D:1      | Reached XP level 1. HP: 19/19 MP: 1/1
   164 | D:1      | Reached XP level 2. HP: 7/27 MP: 2/2
   880 | D:1      | Reached XP level 3. HP: 25/33 MP: 3/3
  1179 | D:1      | Found a faded altar of an unknown god.
  1198 | D:1      | Prayed at the altar of an unknown god.
  1198 | D:1      | Became a worshipper of Cheibriados the Contemplative
  1198 | D:1      | Reached * piety under Cheibriados
  1259 | D:1      | Reached skill level 3 in Axes
  1890 | D:2      | Reached XP level 4. HP: 36/40 MP: 4/4
  1995 | D:2      | Reached ** piety under Cheibriados
  2370 | D:3      | Found a broken altar of Ashenzari.
  2531 | D:3      | Found a glowing silver altar of Zin.
  2587 | D:3      | Found a hide-covered altar of Uskayaw.
  2875 | D:3      | Found a large runed translucent door.
  2875 | D:3      | Found a large runed translucent door.
  2925 | D:3      | Found a stormy altar of Qazlal.
  2934 | D:3      | Found a sparkling altar of Nemelex Xobeh.
  3449 | D:4      | Noticed Natasha
  3453 | D:4      | Killed Natasha
  3454 | D:4      | Reached skill level 4 in Axes
  3454 | D:4      | Reached XP level 5. HP: 38/46 MP: 5/5
  3485 | D:4      | Noticed Natasha
  3490 | D:4      | Killed Natasha
  3491 | D:4      | Reached skill level 1 in Dodging
  3557 | D:4      | Noticed Robin
  3558 | D:4      | Noticed Grinder
  3563 | D:4      | Reached *** piety under Cheibriados
  3565 | D:4      | Killed Robin
  3566 | D:4      | Reached skill level 5 in Axes
  3578 | D:4      | Paralysed by Grinder for 4 turns
  3582 | D:4      | HP: 2/46 [Grinder (4)]
  3903 | D:4      | Reached skill level 1 in Stealth
  3903 | D:4      | Reached XP level 6. HP: 50/53 MP: 6/6
  3979 | D:4      | Noticed Natasha
  3996 | D:4      | Killed Natasha
  4224 | D:4      | Killed Grinder
  4225 | D:4      | Reached skill level 6 in Axes
  4225 | D:4      | Reached XP level 7. HP: 21/60 MP: 7/7
  4519 | D:4      | Found a shadowy altar of Dithmenos.
  4586 | D:4      | Reached skill level 5 in Armour
  4974 | D:5      | Entered Level 5 of the Dungeon
  5069 | D:5      | Mangled by an ogre

Illustrated notes

Levels and vault maps discovered:
D:1:      ldierk_water_garden, layout_loops_corners,
          dreamdust_ecumenical_altar_drowned_temple
D:2:      layout_basic, kennysheep_generic_room_15
D:3:      layout_loops_ring, mainiacjoe_overflow_boulevard,
          lemuel_crystal_altar, mainiacjoe_overflow_24_doors,
          jmf_multi_god_temple2, dreamdust_princess_corridor,
          minmay_diced_spiral
D:4:      layout_basic, grunt_dithmenos_smoke_and_mirrors,
          kennysheep_generic_room_11, uniq_grinder, uniq_natasha, uniq_robin
D:5:      layout_basic, elyvilon_altar_1, slow_altar_2, guppyfry_early_lair_pool

Skill      XL: |  1  2  3  4  5  6  7 |
---------------+----------------------+-----
Fighting       | 4 |  4.7
Axes           | 3 4 5 6 |  6.1
Shields        | 4 |  4.2
Dodging        | 1 |  1.5
Armour         | 4 5 |  5.1
Stealth        | 1 |  1.1
Unarmed Combat | |  0.4

Action                   |  1- 3 |  4- 6 |  7- 9 || total
-------------------------+-------+-------+-------++-------
Melee: War axe           |   111 |   117 |    21 ||   249
       Unarmed           |       |    12 |       ||    12
  Use: Scroll            |       |     4 |       ||     4
       Potion            |       |     1 |       ||     1
Armor: Scale mail        |    64 |    64 |     6 ||   134
Dodge: Dodged            |    61 |    82 |    16 ||   159
Block: Buckler           |    31 |    37 |     7 ||    75

Table legend: (Time is in decaauts)
 A = Elapsed time spent in this place.
 B = Non-inter-level travel time spent in this place.
 C = Inter-level travel time spent in this place.
 D = Time resting spent in this place.
 E = Time spent auto-exploring this place.
 F = Levels seen in this place.
 G = Mean time per level.
                   A        B        C        D        E       F      G
               +--------+--------+--------+--------+--------+-----+--------+
         Total |   6452 |   6452 |      0 |   1588 |      0 |   5 | 1290.4 |
       Dungeon |   6452 |   6452 |      0 |   1588 |      0 |   5 | 1290.4 |
               +--------+--------+--------+--------+--------+-----+--------+

Top non-repeatable levels by time:
     D:4: 2060 daAuts
     D:1: 1691 daAuts
     D:3: 1489 daAuts
     D:2: 1066 daAuts
     D:5: 145 daAuts
